 Dungeon Crawl Stone Soup version 0.23.2 (webtiles) character file.

Game seed: 8088119671440632071

1665 Marnok the Cleaver (level 8, -1/77 HPs)
             Began as a Minotaur Fighter on Apr 8, 2019.
             Was a Follower of Wu Jian.
             Slain by an orc warrior
             ... wielding a +0 trident
              (9 damage)
             ... on level 6 of the Dungeon.
             The game lasted 00:11:32 (3922 turns).

Marnok the Cleaver (Minotaur Fighter)               Turns: 3922, Time: 00:11:32

Health: -1/77      AC:  7    Str: 23    XL:     8   Next: 69%
Magic:  7/7        EV: 11    Int:  0    God:    Wu Jian [*.....]
Gold:   177        SH: 11    Dex: 19    Spells: 7/7 levels left

rFire    + + .     SeeInvis .   a - +0 war axe
rCold    + + +     Gourm    .   c - +0 shield
rNeg     . . .     Faith    .   b - +0 scale mail
rPois    +         Spirit   .   d - +0 hat
rElec    +         Reflect  .   x - scarf {repulsion}
rCorr    +         Harm     .   (no gloves)
MR       .....                  (no boots)
Stlth    +.........             s - amulet of magic regeneration (curse)
HPRegen  0.22/turn              E - ring of Liatia {Wiz rElec rF+ Dex+4}
MPRegen  0.35/turn              y - ring of Koej {rC+++ MR- Int-5 Dex+3 Slay+6}

@: resistant, flying, slowed, lost intelligence, repel missiles, very slow
A: retaliatory headbutt, horns 2, agile 1, robust 1, sturdy frame 1
a: Renounce Religion


You were on level 6 of the Dungeon.
You worshipped Wu Jian.
Wu Jian was aware of your devotion.
You were not hungry.

You visited 1 branch of the dungeon, and saw 6 of its levels.

You collected 177 gold pieces.

Inventory:

Hand Weapons
 a - a +0 war axe (weapon)
 i - a cursed +0 whip
Missiles
 t - 7 curare-tipped needles
 u - 6 javelins (quivered)
Armour
 b - a +0 scale mail (worn)
 c - a +0 shield (worn)
 d - a +0 hat (worn)
 x - a scarf of repulsion (worn)
Jewellery
 j - a +3 ring of dexterity
 q - a +5 ring of evasion
 s - a cursed amulet of magic regeneration (around neck)
 y - the ring of Koej (right hand) {rC+++ MR- Int-5 Dex+3 Slay+6}
   (You found it on level 5 of the Dungeon)

   [ring of dexterity]

   It affects your intelligence (-5).
   It affects your dexterity (+3).
   It affects your accuracy and damage with ranged weapons and melee attacks
   (+6).
   It renders you almost immune to cold.
   It affects your resistance to hostile enchantments.
 E - the ring of Liatia (left hand) {Wiz rElec rF+ Dex+4}
   (You found it on level 5 of the Dungeon)

   [ring of wizardry]

   It improves your spell success rate.
   It affects your dexterity (+4).
   It protects you from fire.
   It insulates you from electricity.
Wands
 v - a wand of random effects (4)
 C - a wand of scattershot (8)
Scrolls
 e - 7 scrolls of identify {unknown}
 g - a scroll of enchant armour {unknown}
 h - 2 scrolls of enchant weapon {unknown}
 k - 2 scrolls of immolation {unknown}
 n - 7 scrolls of teleportation {unknown}
 w - a scroll of fog {unknown}
 A - a scroll of magic mapping {unknown}
 D - a scroll of amnesia {unknown}
Potions
 m - 2 potions of curing
 p - a potion of lignification {unknown}
 r - a potion of brilliance {unknown}
 B - a potion of heal wounds {unknown}
Comestibles
 f - 14 rations


   Skills:
 + Level 5.9 Fighting
 + Level 8.3 Axes
 + Level 7.1 Armour
 + Level 3.3 Dodging
 + Level 0.9 Stealth
 + Level 6.8 Shields


You had 7 spell levels left.
You didn't know any spells.
Your spell library contained the following spells:

 Spells                   Type           Power        Failure   Level  Hunger
 Corona                   Hex            #......      78%         1    ##.....
 Ensorcelled Hibernation  Hex/Ice        #.....       89%         2    ###....
 Confuse                  Hex            #.......     98%         3    ####...
 Dazzling Spray           Conj/Hex       #.....       98%         3    ####...
 Tukima's Dance           Hex            #.......     98%         3    ####...


Dungeon Overview and Level Annotations

Branches:
Dungeon (6/15)             Temple (0/1) D:5

Altars:
Cheibriados
Hepliaklqana
Okawaru
Uskayaw
Wu Jian
Xom
Zin


Innate Abilities, Weirdness & Mutations

You reflexively headbutt those who attack you in melee.
You have a pair of horns on your head.
You are agile. (Dex +2)
You are robust. (+10% HP)
Your movements are slightly less encumbered by armour. (ER -2)


Message History

You block the centaur's attack. You block the ice beast's attack.
You feel better. The centaur hits you.
* * * LOW HITPOINT WARNING * * *
The orc warrior closely misses you. You block the centaur's attack.
You block the ice beast's attack. You block the orc warrior's attack.
It was a potion of flight.
You feel very buoyant.
You fly up into the air.
You block the centaur's attack. The ice beast barely misses you.
You furiously retaliate!
You headbutt the ice beast!!
You kill the ice beast!
The Council accepts your kill.
Your life force feels restored.
Your Armour skill increases to level 7!
The centaur closely misses you. You furiously retaliate!
You headbutt the centaur!
You kill the centaur!
The Council accepts your kill.
The orc warrior hits you with a +0 trident!
You die...

..# #..# #..# c# #
#..#..# .. #..#..#
##.###+##.....
#.......)).# #
#.......@o.#.##..#
#........)........
#.........##..#...
.#.###...<# .# #
#..### # #..#
..... .....#
.####.#


You could see an orc warrior.

Vanquished Creatures
  Eustachio (D:5)
  A yak (D:5)
  An ice beast (D:6)
  4 ogres
  A phantom (D:5)
  3 centaurs
  A scorpion (D:2)
  4 wights (D:5)
  A crimson imp (D:4)
  2 orc wizards
  An iguana (D:5)
  2 worker ants
  A worker ant zombie (D:4)
  4 gnolls (D:4)
  7 adders
  A shadow imp (D:5)
  7 worms
  2 dart slugs
  6 leopard geckos
  16 orcs
  6 giant cockroaches
  7 goblins
  12 hobgoblins
  5 bats
  2 frilled lizards
  10 kobolds
  5 rats
113 creatures vanquished.

Notes
Turn   | Place    | Note
-------+----------+-------------------------------------------
     0 | D:1      | Marnok the Minotaur Fighter began the quest for the Orb.
     0 | D:1      | Reached XP level 1. HP: 19/19 MP: 0/0
   181 | D:1      | Reached XP level 2. HP: 21/27 MP: 1/1
   552 | D:2      | Reached skill level 3 in Axes
   601 | D:2      | Reached XP level 3. HP: 33/33 MP: 2/2
   920 | D:2      | Reached XP level 4. HP: 36/40 MP: 3/3
   935 | D:2      | Reached skill level 4 in Axes
  1273 | D:2      | Reached XP level 5. HP: 46/46 MP: 4/4
  1477 | D:3      | Noticed a +0 hand axe
  1477 | D:3      | Noticed a +0 hand axe
  1485 | D:3      | Found a hide-covered altar of Uskayaw.
  1659 | D:3      | Found an ornate altar of the Wu Jian Council.
  1689 | D:3      | Became a worshipper of the Wu Jian Council
  1872 | D:3      | Found a snail-covered altar of Cheibriados.
  1880 | D:3      | Found a shimmering altar of Xom.
  2133 | D:3      | Reached skill level 5 in Axes
  2244 | D:4      | Reached skill level 1 in Dodging
  2246 | D:4      | Noticed an ogre
  2253 | D:4      | Killed an ogre
  2253 | D:4      | Reached skill level 5 in Shields
  2253 | D:4      | Reached XP level 6. HP: 53/53 MP: 5/5
  2345 | D:4      | Reached skill level 5 in Armour
  2531 | D:4      | Found a glowing silver altar of Zin.
  2647 | D:4      | Found an iron altar of Okawaru.
  2976 | D:5      | Entered Level 5 of the Dungeon
  2981 | D:5      | Got a faintly glowing iron ring
  2982 | D:5      | Lost intelligence.
  2982 | D:5      | Identified the ring of Koej {rC+++ MR- Int-5 Dex+3 Slay+6}
                  | (You found it on level 5 of the Dungeon)
  2997 | D:5      | Noticed Eustachio
  3008 | D:5      | Killed Eustachio
  3008 | D:5      | Reached skill level 6 in Axes
  3008 | D:5      | Reached XP level 7. HP: 30/60 MP: 6/6
  3196 | D:5      | Reached * piety under Wu Jian
  3253 | D:5      | Noticed a yak
  3257 | D:5      | Reached skill level 5 in Fighting
  3338 | D:5      | Reached skill level 7 in Axes
  3341 | D:5      | Reached XP level 8. HP: 44/68 MP: 7/7
  3573 | D:5      | Got a serpentine amber ring
  3575 | D:5      | Identified the ring of Liatia {Wiz rElec rF+ Dex+4} (You
                  | found it on level 5 of the Dungeon)
  3646 | D:5      | Found a hazy altar of Hepliaklqana.
  3704 | D:5      | Found a staircase to the Ecumenical Temple.
  3718 | D:5      | Reached skill level 8 in Axes
  3920 | D:6      | Gained mutation: Your movements are slightly less
                  | encumbered by armour. (ER -2) [potion of mutation]
  3920 | D:6      | Gained mutation: You are robust. (+10% HP) [potion of
                  | mutation]
  3920 | D:6      | Gained mutation: You are agile. (Dex +2) [potion of
                  | mutation]
  3922 | D:6      | Slain by an orc warrior

Skill      XL: |  1  2  3  4  5  6  7  8 |
---------------+-------------------------+-----
Fighting       | 4 5 |  5.9
Shields        | 4 5 6 |  6.8
Axes           | 3 4 5 6 7 8 |  8.3
Armour         | 4 5 6 7 |  7.1
Dodging        | 1 2 3 |  3.3
Stealth        | |  0.9

Action                   |  1- 3 |  4- 6 |  7- 9 || total
-------------------------+-------+-------+-------++-------
Melee: War axe           |    80 |   121 |    62 ||   263
       Headbutt          |    10 |    28 |    14 ||    52
Invok: Lunge             |       |     7 |     2 ||     9
  Use: Potion            |       |     2 |     4 ||     6
  Eat: Chunk             |       |     6 |     5 ||    11
Armor: Scale mail        |    38 |    52 |    18 ||   108
Dodge: Dodged            |    32 |    54 |    32 ||   118
       Deflected         |       |       |     3 ||     3
Block: Shield            |    48 |    81 |    55 ||   184
